Map: Golden Wall LE

Players

Mimsy

  • Race: Terran Terran
  • League: Platinum
  • Spawn Location: 5:00

OcpMetal - Winner!

  • Race: Terran Terran
  • League: Gold
  • Spawn Location: 7:00

VOD

Have the link to the VOD?

Description

Time

  • Played on: July 12, 2020, 8:57 p.m.
  • Length: 9:18
Show
View Real Time Build Order
Export as new Build Order

Mimsy Terran 

Build Orders:  

Get SALT Encoding   

  12  0:35  SCV  
  13  0:43  Supply Depot  
  13  0:47  SCV  
  14  1:00  SCV  
  15  1:07  Refinery  
  15  1:09  Barracks  
  15  1:12  SCV  
  16  1:24  SCV  
  17  1:36  SCV  
  18  1:48  SCV  
  18  1:54  Barracks  
  19  1:57  Supply Depot  
  19  1:58  Reaper  
  19  2:00  SCV  
  21  2:13  Orbital Command  
  21  2:21  Barracks  
  21  2:34  Command Center  
  21  2:38  Supply Depot  
  21  2:41  SCV  
  21  2:42  Reaper  
  23  2:51  Refinery  
  23  2:53  SCV  
  23  2:58  Reaper  
  25  3:09  Factory  
  25  3:21  Reaper  
  26  3:30  Engineering Bay  
  26  3:35  Reaper  
  27  3:59  Reaper  
  28  4:20  Reaper  
  29  4:28  Hellion  
  28  4:41  SCV  
  29  4:53  SCV  
  28  5:04  Orbital Command  
  28  5:12  Marine x3  
  30  5:30  Marine  
  30  5:32  Barracks Tech Lab  
  30  5:35  Factory Tech Lab  
  31  5:39  Starport  
  31  5:49  Barracks Reactor, Missile Turret  
  31  5:54  SCV  
  32  5:58  SCV  
  32  6:03  Barracks Reactor  
  33  6:06  SCV  
  33  6:10  SCV  
  35  6:11  Missile Turret  
  34  6:18  SCV  
  34  6:22  SCV  
  34  6:30  SCV  
  30  6:41  Marine x5  
  35  6:57  Missile Turret  
  35  6:58  Marine  
  35  6:59  Marine x2  
  38  7:01  SCV  
  38  7:02  SCV  
  38  7:05  Missile Turret  
  38  7:07  Missile Turret  
  39  7:09  Marine x2  
  39  7:13  SCV  
  39  7:14  SCV  
  42  7:16  Marine x2  
  42  7:19  Stimpack  
  42  7:21  Missile Turret  
  41  7:25  SCV  
  41  7:26  SCV, Marine  
  41  7:27  Missile Turret, Marine x2  
  41  7:28  Starport Reactor  
  46  7:34  Marine x2  
  48  7:38  SCV x2  
  48  7:44  Engineering Bay, Marine  
  51  7:45  Marine  
  51  7:47  Missile Turret  
  51  7:48  Marine  
  51  7:50  SCV  
  54  7:53  Refinery  
  54  7:58  Supply Depot  
  54  8:10  Missile Turret  
  54  8:12  Armory  
  54  8:20  SCV x2, Marine x2  
  54  8:22  Supply Depot  
  60  8:32  SCV x2  
  46  9:02  Supply Depot  
Show
View Real Time Build Order
Export as new Build Order

OcpMetal Terran - Winner!

Build Orders: Reaper Expand 

Get SALT Encoding   

  12  0:01  SCV  
  13  0:13  SCV  
  14  0:18  Supply Depot  
  14  0:25  SCV  
  15  0:40  SCV  
  16  0:42  Barracks  
  16  0:45  Refinery  
  16  0:57  SCV  
  17  1:10  SCV  
  18  1:22  SCV  
  19  1:34  Orbital Command  
  19  1:35  Reaper  
  20  1:50  Command Center  
  20  2:06  SCV  
  20  2:07  Supply Depot  
  21  2:14  Marine  
  22  2:18  SCV  
  22  2:20  Factory  
  23  2:26  Refinery  
  23  2:32  SCV  
  24  2:44  SCV  
  25  2:45  Barracks Reactor  
  25  2:56  SCV  
  26  3:03  Factory Tech Lab  
  26  3:08  SCV  
  26  3:09  Starport  
  27  3:15  Supply Depot  
  27  3:17  Orbital Command  
  27  3:20  SCV  
  28  3:29  Bunker  
  28  3:32  SCV, Marine  
  30  3:40  Supply Depot  
  30  3:44  SCV  
  30  3:47  Factory Tech Lab, Engineering Bay  
  28  3:56  SCV, Marine x2  
  30  4:08  SCV  
  29  4:10  Hellion  
  29  4:14  Marine  
  29  4:31  Hellion  
  29  4:32  SCV x2  
  30  4:41  Cloaking Field  
  30  4:44  SCV x2  
  32  4:48  Banshee  
  35  4:52  Hellion  
  35  4:56  SCV x2  
  37  5:08  SCV  
  37  5:09  SCV  
  39  5:21  SCV x2  
  39  5:28  Marine x2  
  39  5:33  SCV x2  
  43  5:35  Banshee  
  46  5:45  SCV x2  
  46  5:46  Marine x2  
  46  5:48  Siege Tank  
  53  5:57  SCV x2  
  55  6:04  Marine x2  
  55  6:09  SCV x2  
  59  6:20  Siege Tank  
  62  6:56  Marine x2  
  62  6:57  SCV  
  62  7:22  SCV x2, Marine  
  62  7:23  Supply Depot  
  62  7:24  Supply Depot x2  
  62  7:25  Supply Depot, Barracks x2  
  62  7:32  Command Center  
  62  7:44  Marine x2  
  62  7:45  SCV, Siege Tank  
  68  7:52  SCV  
  68  7:57  SCV  
  70  8:02  Marine x2  
  70  8:04  Starport Tech Lab  
  72  8:15  Marine x2  
  72  8:17  Siege Tank  
  77  8:20  Marine x2  
  77  8:22  Medivac  
  80  8:33  Marine x2  
  78  8:38  Marine x2  
  80  8:51  Marine  
  82  8:55  Marine x2  
Tags
 
Matchup
TvT
Race
Terran
Spawn Locations
Close Positions
Add a new tag
Caveats
  • Supply blocks, unpowered buildings, or Contaminate may cause inaccurate times.
  • Supply counts are checked every 10 seconds.